 Dungeon Crawl Stone Soup version 0.18.1-48-g4cf74bf (webtiles) character file.

49 Joat the Conjurer (level 3, -4/19 HPs)
             Began as a Deep Elf Conjurer on July 27, 2016.
             Slain by a worm (7 damage)
             ... on level 2 of the Dungeon.
             The game lasted 00:11:14 (1371 turns).

Joat the Conjurer (Deep Elf Conjurer)               Turns: 1371, Time: 00:11:14

Health: -4/19      AC:  5    Str:  5    XL:     3   Next: 51%
Magic:  9/10       EV: 10    Int: 20    God:
Gold:   79         SH:  0    Dex: 15    Spells: 3 memorised, 3 levels left

rFire  . . .     SeeInvis .     j - +0 mace
rCold  . . .     Gourm    .     k - +0 ring mail
rNeg   . . .     Faith    .     (no shield)
rPois  .         Spirit   .     (no helmet)
rElec  .         Dismiss  .     (no cloak)
rCorr  +         Reflect  .     (no gloves)
SustAt .         Harm     .     (no boots)
MR     .....                    (no amulet)
Stlth  ++........               (no ring)
                                i - ring of resist corrosion

@: not resistant to hostile enchantments, unstealthy
A: no striking features
a: no special abilities


You were on level 2 of the Dungeon.
You were not hungry.

You visited 1 branch of the dungeon, and saw 2 of its levels.

You collected 79 gold pieces.

Inventory:

Hand Weapons
 e - a +0 dagger
 j - a +0 mace (weapon)
Missiles
 d - 17 sling bullets
 n - 43 bolts
 p - 80 stones (quivered)
Armour
 a - a +0 robe
 k - a +0 ring mail (worn)
Jewellery
 i - a ring of resist corrosion (left hand)
Scrolls
 h - a scroll of recharging {unknown}
 m - a scroll of remove curse
 o - a scroll of enchant armour {unknown}
Potions
 g - a potion of flight {unknown}
 l - a potion of ambrosia {unknown}
 r - a potion of cancellation {unknown}
 t - a potion of agility {unknown}
 u - a potion of degeneration {unknown}
 v - a potion of curing {unknown}
Books
 b - a book of Conjurations

   Spells                             Type                      Level
   a - Magic Dart                     Conjuration                  1
   b - Searing Ray                    Conjuration                  2
   c - Dazzling Spray                 Conjuration/Hexes            3
   d - Fulminant Prism                Conjuration/Hexes            4
   e - Iskenderun's Mystic Blast      Conjuration                  4
   f - Iskenderun's Battlesphere      Conjuration/Charms           5
Comestibles
 c - 3 bread rations
 f - 3 chunks of flesh
 q - a beef jerky
 s - a meat ration


   Skills:
 + Level 2.9 Dodging
 + Level 3.2 Stealth
 + Level 3.5 Spellcasting
 + Level 4.9 Conjurations
 + Level 0.6 Hexes


You had 3 spell levels left.
You knew the following spells:

 Your Spells              Type           Power        Failure   Level  Hunger
a - Magic Dart            Conj           ###.         12%         1    None
b - Searing Ray           Conj           ###...       14%         2    ##.....
c - Dazzling Spray        Conj/Hex       ##....       69%         3    ###....


Dungeon Overview and Level Annotations

Branches:
Dungeon (2/15)

Altars:
Okawaru
Yredelemnul


Message History

You hit the worm but do no damage.
The worm is severely wounded.
The worm barely misses you.
You hit the worm.
The worm is severely wounded.
The worm bites you but does no damage.
You hit the worm.
The worm is severely wounded.
The worm bites you!
* * * LOW HITPOINT WARNING * * *
You are too injured to fight recklessly!
You hit the worm but do no damage.
The worm is severely wounded.
You hit the worm.
The worm is almost dead.
The worm bites you but does no damage.
You hit the worm but do no damage.
The worm is almost dead.
The worm bites you!
You die...

### #.. #.# #>#
#.##
##########..###
#............@#
##
#.########.##w#
#. .# #.#
#.#.... #.#
###.# #.#
#.#....#
...#.<.# #.#
#.......#
#.#.### ####.#
........#
#..รท## .....#
.......>#
#....#####
###.##
###...###
#>........
....####
##.....####


You could see a worm.

Vanquished Creatures
  2 adders (D:2)
  A dart slug (D:1)
  A giant gecko (D:1)
  A giant cockroach (D:2)
  4 goblins (D:1)
  5 hobgoblins
  6 kobolds
  5 bats
  A giant newt (D:1)
  A rat (D:1)
27 creatures vanquished.

Notes
Turn   | Place    | Note
--------------------------------------------------------------
     0 | D:1      | Joat the Deep Elf Conjurer began the quest for the Orb.
     0 | D:1      | Reached XP level 1. HP: 10/10 MP: 6/6
   140 | D:1      | Reached XP level 2. HP: 7/15 MP: 2/8
   586 | D:1      | Learned a level 2 spell: Searing Ray
  1094 | D:2      | Reached XP level 3. HP: 19/19 MP: 5/10
  1162 | D:2      | Learned a level 3 spell: Dazzling Spray
  1176 | D:2      | Found a basalt altar of Yredelemnul.
  1310 | D:2      | Found an iron altar of Okawaru.
  1371 | D:2      | Slain by a worm

Skill      XL: |  1  2 |
---------------+-------+-----
Stealth        | 3 |  3.2
Dodging        | |  2.9
Spellcasting   | |  3.5
Conjurations   | |  4.9
Hexes          | |  0.6

Action                   || total
-------------------------++-------
Melee: Mace              ||    45
       Dagger            ||     1
 Cast: Magic Dart        ||    40
  Use: Scroll            ||     1
 Stab: Sleeping          ||     1
  Eat: Chunk             ||     1
Armor: Robe              ||     1
       Ring mail         ||    16
Dodge: Dodged            ||    32
